 Dungeon Crawl Stone Soup version 0.32-a0-616-g9348d4545b (webtiles) character file.

Game seed: 17911830376498440939

4322 dialectric the Chopper (level 10, 0/77 HPs)
             Began as a Coglin Berserker on Mar 5, 2024.
             Was an Elder of Trog.
             Slain by a shadow (1 damage)
             ... on level 7 of the Dungeon.
             The game lasted 00:13:11 (6011 turns).

dialectric the Chopper (Coglin Berserker)           Turns: 6011, Time: 00:13:12

Health: 0/77       AC: 11    Str: 21    XL:     10   Next: 33%
Magic:  10/10      EV: 14    Int:  6    God:    Trog [****..]
Gold:   339        SH:  0    Dex: 15    Spells: 9/9 levels left

rFire   . . .        a - +0 hand axe {Urai}
rCold   . . .        e - +0 hand axe {Doyun}
rNeg    . . .        m - +0 ring mail
rPois   .            t - +0 helmet
rElec   .            x - +2 cloak {rCorr}
rCorr   +            (no gloves)
SInv    .            (no boots)
Will    ++...        (amulet unavailable)
Stlth   ++           (ring unavailable)
HPRegen 1.32/turn    (ring unavailable)
MPRegen 0.12/turn    (no gizmo)

%: no passive effects
@: strong-willed, on berserk cooldown, regenerating, slowed, revved, very slow
A: off-hand wielding, slow wielding, warmup strikes, no jewellery
a: Invent Gizmo, Renounce Religion, Berserk, Trog's Hand, Brothers in Arms


You were on level 7 of the Dungeon.
You worshipped Trog.
Trog was greatly pleased with you.
You visited 1 branch of the dungeon, and saw 7 of its levels.
You also visited: Ossuary.

You collected 339 gold pieces.

Inventory:

Hand Weapons
 a - a +0 hand axe (weapon) {Urai}
 c - a +0 dagger {Thatsani}
 e - a +0 hand axe (offhand) {Doyun}
 u - a +0 sling
 v - a +4 morningstar
Missiles
 p - 19 poisoned darts (quivered)
Armour
 k - the +0 leather armour of the Sixty-Six Eyes {^Drain Fly Str+3 Int+2}
   (You found it on level 5 of the Dungeon)

   Str+3:     It affects your strength (+3).
   Int+2:     It affects your intelligence (+2).
   Fly:       It grants you flight.
   ^Drain:    It drains your maximum health when unequipped.
 m - a +0 ring mail (worn)
 t - a +0 helmet (worn)
 x - a +2 cloak of preservation (worn)
Wands
 A - a wand of mindburst (6)
Scrolls
 b - a scroll of blinking {unknown}
 f - 2 scrolls of revelation {unknown}
 g - 2 scrolls of enchant weapon
 h - a scroll of poison {unknown}
 i - 2 scrolls of fear
 j - a scroll of summoning {unknown}
 l - a scroll of enchant armour {unknown}
 o - 4 scrolls of immolation
 s - a scroll of silence {unknown}
 w - 2 scrolls of fog {unknown}
 y - a scroll of brand weapon {unknown}
 B - a scroll of amnesia {unknown}
 D - a scroll of teleportation
 G - 3 scrolls of identify
Potions
 d - 2 potions of brilliance
 n - a potion of cancellation
 q - 3 potions of attraction
 r - 2 potions of might
 z - a potion of enlightenment
 C - a potion of degeneration {unknown}
 E - a potion of magic {unknown}


   Skills:
 + Level 6.3 Fighting
 + Level 7.9 Axes
 - Level 7.0 Armour
 - Level 7.0 Dodging
 - Level 4.0 Stealth


You had 9 spell levels left.
You didn't know any spells.
Your spell library was empty.

Dungeon Overview and Level Annotations

Branches:
Dungeon (7/15)             Temple (0/1) D:5         Ossuary (visited)

Altars:
Dithmenos
Hepliaklqana
Kikubaaqudgha
Okawaru
Qazlal
Trog
Wu Jian
Yredelemnul

Shops:
D:1 :   D:4 *


Innate Abilities, Weirdness & Mutations

You can wield a second weapon in your off-hand.
It takes a long time for you to wield or remove held weapons.
Your first few attacks do less damage.
You cannot equip rings or amulets.


Message History

You closely miss the shadow with your +0 hand axe.
The shadow is moderately damaged.
You barely miss the sky beast with your +0 hand axe.
You hit the shadow but do no damage.
You hit the sky beast with your +0 hand axe.
You kill the sky beast!
Trog accepts your kill. The shadow barely misses you.
The shadow strikes at you from the darkness!
You hit the shadow but do no damage.
The shadow is moderately damaged.
You hit the shadow with your +0 hand axe.
You barely miss the shadow with your +0 hand axe.
You hit the shadow with your +0 hand axe.
The shadow hits you. The shadow misses you.
Unknown command.
Unknown command.
You hit the shadow with your +0 hand axe.
The shadow is heavily damaged.
You barely miss the shadow with your +0 hand axe. x2
You completely miss the shadow with your +0 hand axe.
The shadow misses you. The shadow hits you. The shadow barely misses you.
Unknown command.
You hit the shadow with your +0 hand axe.
The shadow is severely damaged.
You hit the shadow but do no damage.
You hit the shadow with your +0 hand axe.
You hit the shadow but do no damage. The shadow hits you.
The shadow slips into darkness.
The shadow flickers and vanishes!
Deactivating autopickup; reactivate with Ctrl-A.
The shadow closely misses you.
You closely miss something with your +0 hand axe.
You hit the shadow with your +0 hand axe.
You hit something but do no damage. You hit the shadow but do no damage.
The shadow strikes at you from the darkness!
* * * LOW HITPOINT WARNING * * *
Reactivating autopickup.
The shadow hits you. x2
You die...

#...####.........##..##.###.ß...ß
.##..####...#####....##..###.....
.###........###.#.....##...##...#
..........###...##.....###..##'##
#.......### ...#......###....#
..###.###. #..##......#######
#...#.#..W ...#..###..##
###..###Y.# #W.##'#.#...##
##..:#... +@..#)..##...## #
#....##..# ###W.##...###..# #
#.#####...###.....#.#'#.#..#
###.### #..#.....#####)†.##.#
......# #..†{..###.#.[).).#.#
......# ##...###...##..#..###
......## #.#'#......#......#
....#..######.....#..##...###
.#........# ##..###...'.###


You could see 2 shadows.

Vanquished Creatures
  Pikel (D:6)
  A manticore (D:7)
  Prince Ribbit (D:6)
  A steam dragon (D:7)
  Menkaure (D:6)
  A water moccasin (D:6)
  2 ice beasts (D:6)
  2 ogres
  2 sky beasts (D:7)
  2 centaurs
  A phantom (D:5)
  4 lemures (D:4)
  2 kobold brigands (D:6)
  Blork the orc (D:6)
  5 scorpions
  9 wights (D:7)
  2 howler monkeys (D:7)
  4 bombardier beetles
  2 orc priests
  A centaur zombie (Ossuary)
  3 hounds
  2 human zombies (Ossuary)
  2 jellies (D:6)
  Crazy Yiuf (D:4)
  3 sleepcaps
  Terence (D:2)
  3 iguanas
  3 orc wizards
  2 scorpion zombies (Ossuary)
  3 mummies (Ossuary)
  Robin (D:4)
  8 adders
  2 shadow imps
  4 white imps
  2 ufetubi (D:6)
  3 adder zombies (Ossuary)
  3 ribbon worms
  2 dart slugs
  19 orcs
  9 ball pythons
  9 endoplasms
  4 giant cockroaches
  10 goblins
  12 hobgoblins
  13 jackals
  20 kobolds
  2 quokkas
  2 ball python zombies (Ossuary)
  5 bats
  5 frilled lizards
  A gnoll zombie (Ossuary)
  2 jackal zombies (Ossuary)
  7 orc zombies (Ossuary)
  3 rats
216 creatures vanquished.

Vanquished Creatures (others)
  An orc (D:7)
1 creature vanquished.

Grand Total: 217 creatures vanquished

Notes
Turn   | Place    | Note
-------+----------+-------------------------------------------
     0 | D:1      | dialectric the Coglin Berserker began the quest for the
                  | Orb.
     0 | D:1      | Reached XP level 1. HP: 18/18 MP: 1/1
    87 | D:1      | Reached XP level 2. HP: 18/24 MP: 2/2
   289 | D:1      | Noticed a walking divine tome
   290 | D:1      | Found Ryproge's Book Boutique.
   293 | D:1      | Noticed a walking crystal tome
   454 | D:1      | Reached XP level 3. HP: 29/29 MP: 3/3
   476 | D:1      | Reached ** piety under Trog
   675 | D:1      | Found a faded altar of an unknown god.
  1032 | D:2      | Reached XP level 4. HP: 29/35 MP: 4/4
  1060 | D:2      | Noticed Terence
  1071 | D:2      | Killed Terence
  1231 | D:3      | Reached XP level 5. HP: 42/42 MP: 5/5
  1359 | D:3      | Reached *** piety under Trog
  1692 | D:4      | Noticed Robin
  1868 | D:4      | Reached XP level 6. HP: 48/48 MP: 6/6
  1868 | D:4      | Killed Robin
  1874 | D:4      | Reached skill level 1 in Stealth
  1953 | D:4      | Noticed Pikel
  2253 | D:4      | Reached XP level 7. HP: 54/54 MP: 7/7
  2362 | D:4      | Found Nic Omumoman's Serpentskin Sales.
  2378 | D:4      | Found an ancient bone altar of Kikubaaqudgha.
  2422 | D:4      | Reached **** piety under Trog
  2539 | D:4      | Found a runed translucent door.
  2540 | D:4      | Noticed Crazy Yiuf
  2547 | D:4      | Killed Crazy Yiuf
  2744 | D:5      | Entered Level 5 of the Dungeon
  2864 | D:5      | Identified the +0 leather armour of the Sixty-Six Eyes
                  | {^Drain Fly Str+3 Int+2}
  2994 | D:5      | Found a staircase to the Ecumenical Temple.
  3152 | D:5      | Reached skill level 5 in Axes
  3294 | D:6      | Noticed Blork the orc
  3354 | D:6      | Killed Pikel
  3355 | D:6      | Reached skill level 5 in Dodging
  3355 | D:6      | Reached XP level 8. HP: 12/60 MP: 8/8
  3622 | D:6      | Killed Blork the orc
  3623 | D:6      | Reached XP level 9. HP: 64/65 MP: 9/9
  3657 | D:6      | Reached skill level 5 in Armour
  3692 | D:6      | Found a sand-covered staircase.
  3697 | Ossuary  | Entered an ossuary
  4269 | D:6      | Noticed Menkaure
  4274 | D:6      | Killed Menkaure
  4379 | D:6      | Noticed Prince Ribbit
  4381 | D:6      | Found an ornate altar of the Wu Jian Council.
  4392 | D:6      | Found a hazy altar of Hepliaklqana.
  4394 | D:6      | Killed Prince Ribbit
  4397 | D:6      | Found a shadowy altar of Dithmenos.
  4397 | D:6      | Found a bloodstained altar of Trog.
  4415 | D:6      | Found a basalt altar of Yredelemnul.
  4623 | D:6      | Found a stormy altar of Qazlal.
  4624 | D:6      | Found an iron altar of Okawaru.
  4754 | D:6      | Reached skill level 5 in Fighting
  4854 | D:7      | Reached ***** piety under Trog
  5050 | D:6      | Reached XP level 10. HP: 35/74 MP: 10/10
  5258 | D:7      | HP: 1/68 [wight/+3 dagger (3)]
  5975 | D:7      | Noticed a manticore
  5987 | D:7      | Killed a manticore
  6011 | D:7      | HP: 1/77 [something (31)]
  6011 | D:7      | Slain by a shadow

Illustrated notes

Levels and vault maps discovered:
D:1:      minmay_arrival_wavy_path, layout_rooms, serial_shops,
          nicolae_shop_mannequins, serial_glass, glass_columns_a,
          glass_columns_c, shapermc_ecumenical_altar_hornbeckon, st_stairs_10
D:2:      layout_rooms, uniq_terence
D:3:      layout_rooms, minmay_misc_feat_ornament, minmay_distorted
D:4:      cheibrodos_helix_gallery, layout_loops_ring,
          mainiacjoe_overflow_concentric_impassable, guppyfry_shop_venom,
          uniq_pikel, uniq_crazy_yiuf_cottage, uniq_robin
D:5:      layout_rooms, minmay_temple_entry_trees
D:6:      layout_basic, nicolae_overflow_hallway_of_the_gods,
          mainiacjoe_overflow_divided_tiny, enter_ossuary_2,
          uniq_prince_ribbit1, uniq_blork_the_orc, uniq_menkaure
D:7:      minmay_slanted_spiral_squares, layout_rooms, grunt_ministairs_2,
          dk_noncrumbling_3, minmay_misc_feat_secret_circle

Skill      XL: |  1  2  3  4  5  6  7  8  9 10 |
---------------+-------------------------------+-----
Armour         | 2 3 4 6 7 |  7.0
Dodging        | 2 3 5 6 7 |  7.0
Fighting       | 4 5 6 |  6.3
Axes           | 4 5 6 7 |  7.9
Stealth        | 1 3 4 |  4.0

Action                     |  1- 3 |  4- 6 |  7- 9 | 10-12 || total
---------------------------+-------+-------+-------+-------++-------
  Melee: Hand axe          |   133 |   262 |   527 |   138 ||  1060
         Dagger            |    14 |       |       |       ||    14
  Throw: Dart              |       |       |    14 |       ||    14
 Invoke: Berserk           |       |     5 |     9 |     3 ||    17
         Trog's Hand       |       |       |     1 |     2 ||     3
    Use: Scroll            |     2 |     1 |     5 |       ||     8
         Potion            |       |       |     4 |     1 ||     5
   Stab: Distracted        |     1 |       |     1 |       ||     2
         Sleeping          |       |       |     2 |       ||     2
 Armour: Animal skin       |    51 |       |       |       ||    51
         Ring mail         |     8 |    92 |   183 |    72 ||   355
         Skin              |       |       |     1 |       ||     1
  Dodge: Dodged            |    44 |    96 |   173 |    86 ||   399

Table legend: (Time is in decaauts)
 A = Elapsed time spent in this place.
 B = Non-inter-level travel time spent in this place.
 C = Inter-level travel time spent in this place.
 D = Time resting spent in this place.
 E = Time spent auto-exploring this place.
 F = Levels seen in this place.
 G = Mean time per level.
                   A        B        C        D        E       F      G
               +--------+--------+--------+--------+--------+-----+--------+
         Total |   6199 |   6128 |     71 |    722 |   3393 |   8 |  774.9 |
       Dungeon |   5673 |   5602 |     71 |    580 |   3258 |   7 |  810.4 |
       Ossuary |    526 |    526 |      0 |    142 |    135 |   1 |  526.0 |
               +--------+--------+--------+--------+--------+-----+--------+

Top non-repeatable levels by time:
     D:6: 1135 daAuts
     D:7: 1096 daAuts
     D:4: 1086 daAuts
     D:1: 768 daAuts
     D:5: 602 daAuts
 Ossuary: 526 daAuts
     D:3: 506 daAuts
     D:2: 478 daAuts
